Cogmind - Beta 9.3 @@@ ROGUE MODE // 2020.01.02 @ 13:17:07 Player: mrbill82 Result: Destroyed by S-10 Pest with Light Assault Rifle Performance ------------- Evolutions (1) 500 Regions Visited (3) 600 Robots Destroyed (17) 85 Value Destroyed (362) 362 Prototype IDs (0) 0 Alien Tech Used (0) 0 Bonus (0) 0 TOTAL SCORE: 1547 Bonus ------- None Cogmind --------- Core Integrity 0/400 Matter 263/300 Energy 100/100 System Corruption 0% Temperature Cool (9) Movement Core (550) Ox10 Location -9/Materials Parts ------- > --- POWER (1) -------- (None) > --- PROPULSION (3) --- (None) > --- UTILITY (3) ------ High-capacity Storage Unit > --- WEAPON (2) ------- (None) > --- INVENTORY (12) --- Light Treads Light Treads Aluminum Leg Peak State ------------ > --- POWER ------------ Light Ion Engine > --- PROPULSION ------- Aluminum Leg Aluminum Leg > --- UTILITY ---------- High-capacity Storage Unit Improved Terrain Scanner Light Armor Plating > --- WEAPON ----------- Light Assault Rifle Autogun > --- INVENTORY -------- Light Treads Light Treads EM Pulse Gun Grenade Launcher Rocket Launcher [Rating: 10] Favorites ----------- Power Light Ion Engine Engine Light Ion Engine Propulsion Aluminum Leg Leg Aluminum Leg Utility High-capacity Storage Unit Device Improved Terrain Scanner Storage High-capacity Storage Unit Protection Light Armor Plating Weapon Light Assault Rifle Energy Gun Medium Laser Ballistic Gun Light Assault Rifle Launcher Rocket Launcher Build | -11 -10 -10 -9 ------- Run | Scr Mat Min Mat Slots Evolved 2 | . . . 2 Power . | . . . . Propulsion 1 | . . . 1 Utility 1 | . . . 1 Weapon . | . . . . Parts Attached 24 | 6 2 3 13 Power 3 | 1 . 1 1 Engine 3 | 1 . 1 1 Core . | . . . . Reactor . | . . . . Propulsion 9 | 2 . . 7 Treads . | . . . . Leg 9 | 2 . . 7 Wheel . | . . . . Hover . | . . . . Flight . | . . . . Utility 4 | 1 2 . 1 Device 1 | . . . 1 Storage 2 | 1 1 . . Processor . | . . . . Hackware . | . . . . Protection 1 | . 1 . . Artifact . | . . . . Weapon 8 | 2 . 2 4 Energy Gun 2 | 1 . . 1 Energy Cannon . | . . . . Ballistic Gun 3 | 1 . 1 1 Ballistic Cannon . | . . . . Launcher 3 | . . 1 2 Special Weapon . | . . . . Impact Weapon . | . . . . Slashing Weapon . | . . . . Piercing Weapon . | . . . . Special Melee Weapon . | . . . . Unidentified Prototypes . | . . . . Parts Lost 8 | . . 1 7 Power 2 | . . 1 1 Propulsion 1 | . . . 1 Utility 2 | . . . 2 Weapon 3 | . . . 3 Highest Loss Streak 5 | . . 1 5 Average Slot Usage (%) 94 | . 91 99 82 Engine 12 | . 14 13 10 Leg 27 | . 28 28 27 Device 2 | . . . 10 Storage 13 | . 14 14 11 Protection 10 | . 5 14 2 Energy Gun 11 | . 14 14 5 Ballistic Gun 14 | . 14 13 14 Naked Turns . | . . . . Heaviest Build 44 | 10 41 44 43 Greatest Support 30 | 20 20 20 30 Greatest Overweight (x) 12 | 3 2 2 12 Average Overweight (x) 1 | . . 1 1 Largest Inventory Capacity 14 | 6 14 12 12 Average Capacity 11 | 5 8 12 12 Most Carried 8 | 4 6 6 8 Average Carried 5 | 1 5 5 5 Final Capacity 12 | 6 12 12 12 Final Carried 6 | 4 6 5 3 Class Distribution -------------------- 90% | Mutant 9% | Scavenger-Mutant Dominant Class ---------------- Mutant | -10/Materials Mutant | -10/Mines Mutant | -9/Materials Resources | -11 -10 -10 -9 ----------- Run | Scr Mat Min Mat Matter Collected 493 | 197 . 124 172 Remotely . | . . . . Salvage Created 514 | . . 181 333 Parts 34 | . . 13 21 Haulers Intercepted 1 | . . . 1 Recyclers Shooed . | . . . . Parts Field Recycled . | . . . . Retrieved Matter . | . . . . Parts Self-Destructed . | . . . . Prevented . | . . . . Kills | -11 -10 -10 -9 ------- Run | Scr Mat Min Mat Combat Hostiles Destroyed 15 | . . 7 8 Guns 15 | . . 7 8 Classes Destroyed 4 | . . 2 2 Hauler 1 | . . . 1 Watcher 1 | . . . 1 Swarmer 8 | . . 5 3 Grunt 7 | . . 2 5 Best Kill Streak 4 | . . 4 4 Combat Bots Only 4 | . . 4 3 Max Kills in Single Turn 1 | . . 1 1 Gunslinging . | . . . . Exploded . | . . . . Melee . | . . . . Uniques/NPCs Destroyed . | . . . . Combat | -11 -10 -10 -9 -------- Run | Scr Mat Min Mat Damage Taken 1541 | . . 320 1221 Core 446 | . . 39 407 Absorbed by Shields . | . . . . Core Remaining (%) 92 | 100 . 84 . Volleys Fired 46 | . . 20 26 Largest 2 | . . 2 2 Hottest 70 | . . 70 63 Shots Fired 84 | . . 36 48 Gun 84 | . . 36 48 Cannon . | . . . . Launcher . | . . . . Special . | . . . . Kinetic 52 | . . 16 36 Thermal 20 | . . 20 . Explosive . | . . . . Electromagnetic 12 | . . . 12 Robot Hit Streak 9 | . . 6 9 Robot Miss Streak 3 | . . 3 1 Penetration Max . | . . . . Secondary Targets 2 | . . 2 . Max Gunslinging Chain 1 | . . 1 . Shots Hit Robots 55 | . . 23 32 Core Hits 27 | . . 12 15 Critical Hits . | . . . . Critical Kills . | . . . . Critical Parts Destroyed . | . . . . Melee Attacks . | . . . . Impact . | . . . . Slashing . | . . . . Piercing . | . . . . Sneak Attacks . | . . . . Combat Hostiles . | . . . . Follow-up Attacks . | . . . . Damage Inflicted 673 | . . 274 399 Guns 673 | . . 274 399 Cannons . | . . . . Explosions . | . . . . Melee . | . . . . Ramming . | . . . . Kinetic 409 | . . 58 351 Thermal 216 | . . 216 . Explosive . | . . . . Electromagnetic 48 | . . . 48 Impact . | . . . . Slashing . | . . . . Piercing . | . . . . Highest Corruption . | . . . . Average Corruption . | . . . . Corruption Purged . | . . . . Overload Shots . | . . . . Overflow Damage . | . . . . Projectiles . | . . . . Explosions . | . . . . Melee . | . . . . Knockbacks . | . . . . Impact . | . . . . Kinetic . | . . . . Secondary . | . . . . Self-Inflicted Damage . | . . . . Shots . | . . . . Rammed . | . . . . Targets Rammed . | . . . . Kicked . | . . . . Crushed . | . . . . Highest Temperature 221 | . . 221 43 Average Temperature 67 | . . 95 15 Received Heat Transfer 480 | . . 135 345 Effects 1 | . . 1 . Interference 1 | . . 1 . Siege Activations . | . . . . Robots Corrupted . | . . . . Combat Hostiles . | . . . . Parts Fried . | . . . . Impact Corruptions . | . . . . Robots Melted . | . . . . Combat Hostiles . | . . . . Parts Melted 2 | . . 2 . Heat Transferred 629 | . . 629 . Parts Sabotaged . | . . . . Parts Stolen . | . . . . Parts Stripped . | . . . . Power Chain Reactions . | . . . . Missiles Intercepted . | . . . . Alert | -11 -10 -10 -9 ------- Run | Scr Mat Min Mat Peak Influence 246 | . 15 115 246 Average Influence 36 | . . 24 78 Maximum Alert Level 1 | . . . 1 Low Security (%) 96 | 100 100 100 84 Level 1 3 | . . . 15 Level 2 . | . . . . Level 3 . | . . . . Level 4 . | . . . . Level 5 . | . . . . High Security . | . . . . Max Security . | . . . . Squads Dispatched 3 | . . . 3 Investigation 2 | . . . 2 Extermination . | . . . . Reinforcement 1 | . . . 1 Assault . | . . . . Garrison . | . . . . Intercept . | . . . . Construction Impeded . | . . . . Haulers Reinforced . | . . . . Stealth | -11 -10 -10 -9 --------- Run | Scr Mat Min Mat Distress Signals 2 | . 1 . 1 Communications Jammed . | . . . . Distress Signals . | . . . . Times Spotted 30 | . 1 7 22 Peak Tracking Total 9 | . 4 4 9 Tactical Retreats 1 | . . 1 . Traps | -11 -10 -10 -9 ------- Run | Scr Mat Min Mat Traps Triggered 2 | . . . 2 Indirectly . | . . . . Trap Hack Attempts . | . . . . Triggered . | . . . . Disarmed . | . . . . Reprogrammed . | . . . . Reused . | . . . . Traps Extracted . | . . . . Installed . | . . . . Triggered . | . . . . Machines | -11 -10 -10 -9 ---------- Run | Scr Mat Min Mat Machines Disabled . | . . . . Max in Single Turn . | . . . . Machines Sabotaged . | . . . . Garrisons Compromised . | . . . . Overloaded Fab Kills . | . . . . Fab Network Shutdowns . | . . . . Hacking | -11 -10 -10 -9 --------- Run | Scr Mat Min Mat Machines Accessed 3 | . . 1 2 Terminals 2 | . . 1 1 Fabricators . | . . . . Repair Stations 1 | . . . 1 Recycling Units . | . . . . Scanalyzers . | . . . . Garrison Access . | . . . . Total Hacks 11 | . . 3 8 Successful 6 | . . 2 4 Failed 5 | . . 1 4 Catastrophic . | . . . . Database Lockouts . | . . . . Manual . | . . . . Terminals 6 | . . 3 3 Fabricators . | . . . . Repair Stations 5 | . . . 5 Recycling Units . | . . . . Scanalyzers . | . . . . Garrison Access . | . . . . Terminal Hacks 3 | . . 2 1 Record 1 | . . 1 . Branch Access Points 1 | . . . 1 Zone Layout 1 | . . 1 . Fabricator Hacks . | . . . . Repair Station Hacks 3 | . . . 3 Scan Component 2 | . . . 2 Repair 1 | . . . 1 Recycling Unit Hacks . | . . . . Scanalyzer . | . . . . Garrison Access Hacks . | . . . . Unauthorized Hacks . | . . . . Terminals . | . . . . Fabricators . | . . . . Repair Stations . | . . . . Recycling Units . | . . . . Scanalyzers . | . . . . Garrison Access . | . . . . Data Cores Recovered . | . . . . Used . | . . . . Hacking Detections 3 | . . 1 2 Full Trace Events 2 | . . . 2 Feedback Events . | . . . . Feedback Blocked . | . . . . Robot Schematics Acquired . | . . . . Robots Built . | . . . . Matter . | . . . . Time . | . . . . Total Robot Build Rating . | . . . . Part Schematics Acquired . | . . . . Parts Built . | . . . . Matter . | . . . . Time . | . . . . Total Part Build Rating . | . . . . Parts Repaired 1 | . . . 1 Time 26 | . . . 26 Parts Recycled . | . . . . Recycled Matter . | . . . . Retrieved Matter . | . . . . Retrieved Components . | . . . . Parts Scanalyzed . | . . . . Part Schematics Acquired . | . . . . Parts Damaged . | . . . . Bothacking | -11 -10 -10 -9 ------------ Run | Scr Mat Min Mat Used RIF Installer . | . . . . Robots Hacked . | . . . . Non-combat . | . . . . Combat . | . . . . Robot Hacks Applied . | . . . . Relay Couplers Released . | . . . . Robots Rewired . | . . . . Allies Hacked . | . . . . Hacks Repelled . | . . . . Allies | -11 -10 -10 -9 -------- Run | Scr Mat Min Mat Total Allies . | . . . . Largest Group . | . . . . Highest-Rated Group . | . . . . Highest-Rated Ally . | . . . . Total Orders . | . . . . Ally Attacks . | . . . . Total Damage . | . . . . Kills . | . . . . Allies Corrupted . | . . . . Allies Melted . | . . . . Intel | -11 -10 -10 -9 ------- Run | Scr Mat Min Mat Robot Analysis Total . | . . . . Derelict Logs Recovered 2 | . . 2 . Drone Launches . | . . . . Drone Recoveries . | . . . . Exploration | -11 -10 -10 -9 ------------- Run | Scr Mat Min Mat Turns Passed 2023 | 92 99 1309 523 Spaces Moved 1026 | 67 69 673 217 Core 14 | 11 . . 3 Treads . | . . . . Legs 1012 | 56 69 673 214 Wheels . | . . . . Hover . | . . . . Flight . | . . . . Fastest Speed 50 | 50 120 150 150 Average Speed 170 | 119 138 179 165 Slowest Speed 650 | 200 180 180 650 Overloaded Moves . | . . . . Propulsion Burnouts . | . . . . Robots Hopped . | . . . . Cave-ins Triggered . | . . . . Exploration Rate (%) 35 | 6 20 93 24 Regions Visited 3 Branch Regions 1 Pre-discovered Areas 2 | . . 2 . Known Exits Taken . | . . . . Unknown Exits Taken 3 | 1 1 1 . Scrap Searched 1 | . . 1 . Spaces Dug . | . . . . Terrain Destroyed . | . . . . Melee . | . . . . Projectile . | . . . . AOE . | . . . . Actions | -11 -10 -10 -9 --------- Run | Scr Mat Min Mat Total 1226 | 76 72 738 340 Wait 117 | . . 41 76 Move 1023 | 66 68 672 217 Hop . | . . . . Pick Up 7 | 4 1 1 1 Fast Attach 12 | 6 2 . 4 Attach 6 | . . 1 5 Detach 3 | . 1 . 2 Swap 6 | . . 2 4 Drop 6 | . . 1 5 Fire 46 | . . 20 26 Melee . | . . . . Ram . | . . . . Kick . | . . . . Crush . | . . . . Escape Stasis . | . . . . Rewire . | . . . . Trap . | . . . . Miscellaneous . | . . . . Route ------- -11/Scrapyard -10/Materials -10/Mines (discovered 2 exits: *Mat x2) -9/Materials (discovered 2 exits: Min x2) History --------- Turn | Location | Event 18 | -11/Scrapyard | Discovered new exit (range 15) 93 | -11/Scrapyard | Entered Materials 181 | -10/Materials | Discovered new exit (range 7) 192 | -10/Materials | Entered Mines 308 | -10/Mines | Build established: Mutant 341 | -10/Mines | Received a Rocket Launcher from a helpful Derelict 598 | -10/Mines | Learned location of Mines (-9) 609 | -10/Mines | Learned location of Recycling (-8) 613 | -10/Mines | Discovered new exit (range 6) 958 | -10/Mines | Discovered new exit (range 14) 1501 | -10/Mines | Entered Materials 1501 | -9/Materials | Evolved 2 slots: Propulsion x1, Utility x1 1676 | -9/Materials | Identified exit to Mines 1931 | -9/Materials | Repaired Aluminum Leg 2017 | -9/Materials | Core integrity fell below 50% 2022 | -9/Materials | Core integrity fell below 20% 2024 | -9/Materials | Destroyed by S-10 Pest with Light Assault Rifle Last Messages --------------- 01989_ Autogun severed. 01989_ S-10 Pest destroyed. 01991_ Triggered Blade Trap. 01991_ Massive razor-sharp blades shoot up from within the floor. 01991_ Grenade Launcher severed. 01991_ Aluminum Leg severed. 01993_ K-01 Serf cleans the Electrolysis Chamber. 01995_ Aluminum Leg destroyed. 01995_ Ion Engine destroyed. 01997_ S-10 Pest destroyed. 02001_ K-01 Serf cleans the Electrolysis Chamber. 02005_ K-01 Serf collects debris. 02009_ K-01 Serf cleans the Electrolysis Chamber. 02010_ Rocket Launcher destroyed. 02013_ K-01 Serf cleans the Electrolysis Chamber. 02019_ Imp. Terrain Scanner destroyed. 02020_ C-30 ARC bursts open, deploying its payload. 02020_ S-10 Pest unfolds itself. 02022_ K-01 Serf cleans the Electrolysis Chamber. 02023_ U-05 Engineer lays Concrete. Map ----- +----------------------------------------------------+ | ?????????????????????????????????????? | | ?????????????????????????????????????? | | ?????????????????????????????????????? | | ?????????????????????????????????????? | | ?????????????????????????????????????? | | ?????????????????????????????????????? | | ?????????????????????????????????????? | | ?????????????????????????????????????? | | ?????????????????????????????????????? | | ??????????? ?????????????????????????? | | ??????????? ?????????????????????????? | | ?????????????????????????????????????? | | ????????????????????????#????????????? | | ???????????????#?????????????????????? | | ????#???????????#????????????????????? | | ?T??????????#????????????????????????? | | ???????????????????????????#???? ????? | | ????#????##????????#?????????????????? | | ??????????????####???????#??????????#? | | ??????????? ?? #?#????#???????? ???? | | ##########?? #??????????#?????#??? | | # #??? #???????????????????? | | #"""=""" #""? ??????########?? ??#? | | #"R= """ #?"" ?????## s ]#??????? | | #""" """ # "" ???????# s^s #?? #??? | | # #""" ??????##[@""" # ##?? | | # [ """ #""" ?????#??#YY"""%Y #??? | | # """ #""" ???????#s[""" # #??? | | # """ # " ? ?#?????#g=uk #??????? | | # # ??????#??#s######????#?? | | #####+######/###########%##### #?? | | !%= #?? | | * #?# | | #?? | | ###################+##### #?? | | # #??????? ????#####?? | | # #??????? ?????????? | | + #??????? """ ????????? | | # ##?#???? """ ???????? | | # """ """ ##??????" """ ##??????? | | # """ """ #???????" ""? #???????? | | # """ """ #?#?????" "?? ????????? | | # #???????? ???????????? | | ###########?##?????#????????????? | | ##?????????????????????#????????? | | #??#?#?#??#?????????????????????? | | [ [! #???????????#???????????????????? | | *** =#??????????#????????????????????? | | ###+#####?????????#??????????????????? | | ==!!!% #????????????????????????????? | +----------------------------------------------------+ Best States ------------- Heat Dissipation 28 Energy Generation 10 Energy Capacity 250 Matter Stores 300 Matter Capacity 300 Sight Range 16 Terrain Scan Range 16 Terrain Scan Density 10 Armor Coverage 150 Evasion (%) 40 Item Schematics ----------------- None Robot Schematics ------------------ None Fabricated ------------ Nothing Alien Tech Used ----------------- None Achievements -------------- None Challenges ------------ None Game ------ Seed InertialImprinterSystem Manual? 0 Play Time 00:20:52 Cumulative 8.6 hours Start 2020.01.02 @ 12:05:14 End 2020.01.02 @ 13:17:07 Sessions 1 Manual Loads 0 Difficulty Rogue Special Mode None Game No. 18 Rogue 18 Adventurer 0 Explorer 0 Win Type - Total 0 Types 0/0/0/0/0/0/0 Lore% 16 Gallery% 11 Achievement% 11 Wizard Run 0 Options --------- ASCII 0 Keyboard 1 Movement Numpad Keybinds 0 Fullscreen 2 Font 18/X11 Map View 76x50 Tactical HUD 1 Map Filters NONE Filters NONE Steam 1 RUN: 3b4c6ff1-3504-42f4-935b-1770a600cfd0